[Event "44th Chess Olympiad Open 2022"]
[Site "Chennai"]
[Date "2022.08.05"]
[Round "7.61"]
[White "Rocha, Maximiliano"]
[Black "Anhwere, Bernard"]
[Result "1-0"]
[ECO "B50"]
[WhiteElo "2117"]
[BlackElo "1890"]
[Annotator "TA"]
[PlyCount "85"]
[EventDate "2022.07.29"]
[EventType "team-tourn"]
[EventCountry "IND"]
[SourceTitle "playchess.com"]
[Source "ChessBase"]
[SourceQuality "1"]
[WhiteTeam "Nicaragua"]
[BlackTeam "Ghana"]
[WhiteTeamCountry "NCA"]
[BlackTeamCountry "GHA"]
[TimeControl "40/5400+30:1800+30"]

1. e4 c5 2. Nf3 d6 3. Bc4 e6 4. O-O Nf6 5. d3 Be7 6. Re1 O-O 7. Bb3 Nc6 8. c3 e5 9. h3 $1 {[%emt 0:04:21][%mdl 4] outshines the older 9.Nbd2. B50: Sicilian: 2...d6, Miscellaneous.} b5 {[%emt 0:06:00] [#]} 10. Bg5 $146 ({Predecessor:} 10. Nbd2 Na5 11. Bc2 Re8 12. Nf1 a6 13. d4 cxd4 14. cxd4 Nc6 15. Ng3 g6 16. Bb3 exd4 17. Nxd4 Na5 18. Bc2 Bb7 19. Bh6 Nd7 20. Ndf5 gxf5 21. exf5 Bf6 22. Rxe8+ Qxe8 {½-½ (22) Savic,M (2511)-Radovanovic,N (2389) Dvorovi 2016}) 10... Rb8 11. Nbd2 {[%emt 0:01:18] White has an edge.} a5 (11... h6 $5 12. Bxf6 Bxf6 $11) 12. Nf1 a4 13. Bc2 Be6 14. d4 exd4 15. cxd4 Nb4 (15... Nxd4 $11 {deserves consideration.} 16. Nxd4 cxd4) 16. Bb1 $14 d5 17. Bxf6 Bxf6 18. e5 Be7 19. dxc5 Bxc5 20. a3 Na6 (20... Qb6 21. axb4 Bxf2+ 22. Kh1 Bxe1 23. Qxe1 $16) 21. Ne3 Qd7 22. Ng5 $40 {[%emt 0:16:11][%mdl 128] White has some attack.} g6 23. Ba2 Rfd8 24. Qf3 Be7 25. Qf4 Kg7 (25... b4 $11 {keeps the balance.}) 26. Rad1 $16 {[%emt 0:02:18] Threatens to win with Bxd5.} (26. Nxe6+ fxe6 27. Rac1 (27. Ng4 Rf8 $11) (27. Bxd5 $2 exd5 28. e6 Qc7 $19) 27... Rf8 $15) (26. Qh4 $6 h6 27. Nxe6+ fxe6 $11) 26... Nc7 27. h4 {[%emt 0:03:50][%cal Bh3h4,Bh4h5][%mdl 32] White is much more active.} ({Don't do} 27. Qh4 Rh8 $14) 27... h6 (27... Qe8 $14) 28. Ne4 {[%emt 0:01:41] Hoping for Nf6. Pair of Knights!} b4 ({Black should play} 28... d4 $14) 29. Nf6 $18 Bxf6 (29... Qc8 $16 {is a better defense.}) 30. Qxf6+ (30. exf6+ $18 Kh7 31. h5 (31. axb4 Qd6 $14)) 30... Kh7 {[%emt 0:00:32] [#]} 31. h5 $1 Qe8 (31... bxa3 $16 32. bxa3 Ne8) 32. Rc1 Rd7 33. Bb1 (33. Rc6 $18) 33... Rb6 $2 {[%emt 0:01:23] [#] Black cannot hold the game after this.} (33... bxa3 $1 $14 34. bxa3 d4) 34. Rxc7 $1 Rxc7 35. Nxd5 {[%emt 0:00:07] Dancing on a razor blade.} Bxd5 36. Qxb6 Rc6 37. Qxb4 Qe6 (37... Bb3 $142 38. hxg6+ fxg6 39. Qb7+ Kg8) 38. hxg6+ {[%emt 0:02:43] White is clearly winning.} fxg6 39. Qxa4 h5 40. Qh4 Kh6 41. f4 {[%emt 0:30:56][%cal Bf2f4,Bf4f5][%mdl 32] Qg5+ is the strong threat.} Kg7 42. Qg5 {[%emt 0:00:00] aiming for f5.} Kf7 (42... Qg4 $142 43. Qxg4 hxg4) 43. f5 {[%emt 0:00:00] Weighted Error Value: White=0.12 (very precise) /Black=0.47} 1-0

[Event "44th Chess Olympiad Open 2022"]
[Site "Chennai"]
[Date "2022.08.05"]
[Round "7.61"]
[White "Espinoza Solano, Jose Nahum"]
[Black "Adu Jnr, Lionel"]
[Result "1-0"]
[ECO "B13"]
[WhiteElo "2093"]
[BlackElo "1824"]
[Annotator "TA"]
[PlyCount "139"]
[EventDate "2022.07.29"]
[EventType "team-tourn"]
[EventCountry "IND"]
[SourceTitle "playchess.com"]
[Source "ChessBase"]
[SourceQuality "1"]
[WhiteTeam "Nicaragua"]
[BlackTeam "Ghana"]
[WhiteTeamCountry "NCA"]
[BlackTeamCountry "GHA"]
[TimeControl "40/5400+30:1800+30"]

1. e4 c6 2. d4 d5 3. exd5 cxd5 4. c4 Nf6 5. Nc3 Nc6 6. Nf3 Bg4 7. cxd5 Nxd5 8. Qb3 Bxf3 9. gxf3 e6 10. Qxb7 Nxd4 11. Bb5+ Nxb5 12. Qc6+ Ke7 13. Qxb5 Qd7 14. Nxd5+ Qxd5 15. Qxd5 exd5 16. O-O Rd8 {[%emt 0:10:27] B13: Caro-Kann: Exchange Variation and Panov-Botvinnik Attack.} 17. Rd1 d4 18. Bf4 Ke6 {[%emt 0:14:35] The position is equal.} 19. Rac1 Rd5 {[%emt 0:02:50] [#]} 20. Rc4 $146 ({Predecessor:} 20. Rc8 g5 21. Bd2 Bg7 22. Rc6+ Kd7 23. Ra6 Ra8 24. f4 g4 25. Kg2 Kc8 26. Rc1+ {1-0 (42) Del Lungo,P (2267)-Petruzzelli,R (2011) ICCF email 2018}) 20... Bc5 (20... g5 $5 21. Bc1 Bg7 $11) 21. b4 Bb6 22. a4 d3 23. a5 Bd4 24. Kf1 (24. Rc6+ $1 $14 Kf5 25. Be3) 24... Bf6 25. Rc6+ Kf5 26. Be3 Rb8 27. Bxa7 (27. Rc5 $5 Ke6 28. Rxd5 Kxd5 29. Rxd3+ (29. Bxa7 Rxb4 30. Rxd3+ Kc6 $14) 29... Kc6 30. Bc5 $14 (30. Bxa7 Rxb4 31. Bb6 Ra4 $14)) 27... Rxb4 28. a6 {[%emt 0:00:03] Rc5 is the strong threat.} Ra4 29. Bc5 Ra2 (29... Bd4 $5 30. Rxd3 Rxc5 31. Rxc5+ Bxc5 32. Rd5+ Ke6 33. Rxc5 Rxa6 $15) 30. a7 Bd4 31. Rc8 {[%emt 0:11:32] Black must now prevent Bxd4.} Rxf2+ (31... Bxc5 $5 32. a8=Q Rxa8 33. Rxa8 Kf4 $11) 32. Kg1 Rd2+ 33. Bxd4 Rxd1+ $11 {[%emt 0:00:07][%mdl 4096] Endgame KRR-KRB} 34. Kf2 Rd2+ $2 (34... Ra1 $1 $11 {and Black has nothing to worry.} 35. Bxa1 d2) 35. Ke3 $18 Ra2 {[%emt 0:01:44] ( -> ...d2)} 36. a8=Q {[%emt 0:00:12] The board is on fire.} Rxa8 37. Rxa8 {[%emt 0:00:02] KRB-KR} d2 38. Ra1 f6 39. Rd1 g5 40. Rxd2 h5 $2 (40... Kg6 41. Ra2 Rd6) 41. Rc2 {[%emt 0:31:44] Rc5 would kill now.} Rd6 42. Rc5+ Kg6 43. Rb5 {[%emt 0:00:04] Threatens to win with Rb6.} Re6+ 44. Kd3 {[%emt 0:00:35] Hoping for Rb6.} Rc6 (44... Re7 45. Rb6 Rf7) 45. Rb6 Rxb6 46. Bxb6 {[%emt 0:00:00] KB-K3P} Kf5 47. Ke3 g4 48. f4 h4 49. Bc7 h3 50. Kf2 Ke4 51. Kg3 $2 (51. f5 Kxf5 52. Kg3 Kg5 53. Bd6 f5 54. Bc7 Kg6 55. Kh4 Kh6 56. Be5) 51... f5 52. Kf2 Kd3 53. Bd8 Kd2 $2 {[%emt 0:00:00] [#]} (53... Ke4 $18 54. Bc7 Kd5) 54. Bh4 $2 (54. Ba5+ $1 {mates} Kd3 55. Be1 Kc2 56. Ke3 g3 57. Bxg3 Kc3 58. Bf2 Kc4 59. Kd2) 54... Kd3 55. Ke1 (55. Bg5 $18 {has better winning chances.}) 55... Ke4 $2 {[%emt 0:00:00][%mdl 8192] This move loses the game for Black.} (55... Ke3 $16 56. Bg3 Kd3) 56. Bg3 {[%emt 0:00:00] White mates.} Ke3 57. Kd1 Kd3 {[%emt 0:00:00] [#]} 58. Kc1 $1 Kc3 59. Kb1 Kd2 60. Kb2 Kd3 61. Kb3 Kd4 62. Kb4 Kd5 63. Kb5 Kd6 64. Kb6 Kd7 65. Kc5 Ke6 66. Kc6 Ke7 67. Kd5 Kf6 68. Kd6 Kf7 69. Ke5 Kg6 70. Ke6 {[%emt 0:00:00] Weighted Error Value: White=0.06 (flawless) /Black=0.38} 1-0

[Event "44th Chess Olympiad Open 2022"]
[Site "Chennai"]
[Date "2022.08.05"]
[Round "7.61"]
[White "Hasford, John Kojo"]
[Black "Alfaro, William"]
[Result "1/2-1/2"]
[ECO "D02"]
[WhiteElo "1976"]
[BlackElo "2155"]
[Annotator "TA"]
[PlyCount "72"]
[EventDate "2022.07.29"]
[EventType "team-tourn"]
[EventCountry "IND"]
[SourceTitle "playchess.com"]
[Source "ChessBase"]
[SourceQuality "1"]
[WhiteTeam "Ghana"]
[BlackTeam "Nicaragua"]
[WhiteTeamCountry "GHA"]
[BlackTeamCountry "NCA"]
[TimeControl "40/5400+30:1800+30"]

1. d4 Nf6 2. Nf3 g6 3. Bf4 d5 4. e3 Bg7 5. Be2 c5 6. O-O O-O 7. h3 Qb6 8. Qc1 Nc6 9. c3 $1 Bf5 {[%emt 0:00:09] D02: 1 d4 d5 2 Nf3 sidelines, including 2...Nf6 3 g3 and 2...Nf6 3 Bf4.} 10. Nbd2 Rac8 11. dxc5 Qxc5 {[%emt 0:00:03] [#]} 12. Nd4 $146 ({Predecessor:} 12. Qd1 Rfd8 13. Qb3 Ne4 14. Nxe4 Bxe4 15. Bg3 e5 16. Ng5 Bf5 17. Qxb7 Bd7 18. Qb3 {1-0 (43) Lochte,S (1850)-Iyengar,I (2044) London 2017}) 12... e5 (12... Bd7 $5 ) 13. Nxf5 exf4 14. Nb3 Qb6 15. Nxg7 Kxg7 16. exf4 d4 17. Bf3 dxc3 18. bxc3 Nb4 19. Qd2 {[%emt 0:02:54] Prevents Nfd5.} Rfd8 $1 20. Nd4 Nc2 21. Qxc2 (21. Nf5+ $16 gxf5 22. Qxc2) 21... Rxd4 $11 22. Rab1 Qa5 23. Rxb7 Rxc3 24. Qe2 {[%emt 0:01:11] [#] Black must now prevent Qe7.} Rxf4 25. Qe7 Ng8 26. Rxa7 Qf5 (26... Nxe7 $11 27. Rxa5 Nf5) 27. Qd6 $16 {[%emt 0:04:40] And now Ra8 would win. White is more active.} Rcxf3 ({Black should play} 27... Rd3 $14 28. Qc7 Rdxf3 29. gxf3 Qg5+ 30. Kh1 Rxf3) 28. gxf3 $18 Rxf3 {[%emt 0:01:11] [#]} 29. Ra8 ({White should try} 29. Ra3 $1 $18) 29... Qxh3 (29... Qg5+ $14 30. Kh2 Qf5 31. Qf8+ Kf6 32. Qd8+ (32. Qxg8 $2 Rxh3+ 33. Kg2 Qg4#) 32... Kg7 33. Qf8+ (33. Qxg8+ Kh6 $11) 33... Kf6 34. Qd6+ (34. Qxg8 $2 Rxh3+ 35. Kg2 Qg4#) 34... Kg7) 30. Qf8+ Kf6 31. Ra6+ $2 {[%emt 0:00:48] Really sharp!} (31. Qxg8 $2 Qg4+ 32. Kh2 Rh3#) (31. Ra4 $18 Kg5 32. Qd8+ (32. Qxg8 Rg3+ 33. fxg3 Qxg3+ 34. Kh1 Qh3+ 35. Kg1 Qg3+ 36. Kh1 Qh3+ 37. Kg1 Qg3+ $11) 32... Kh5 33. Rb1 (33. Qxg8 Rg3+ 34. fxg3 Qxg3+ 35. Kh1 Qh3+ 36. Kg1 Qg3+ 37. Kh1 Qh3+ 38. Kg1 Qg3+ $11)) 31... Kg5 $11 {[%emt 0:00:03] The position is equal.} 32. Ra5+ (32. Qxg8 $2 Qg4+ 33. Kh2 Rh3#) 32... f5 33. Qd8+ (33. Qxg8 $2 {is a self mate.} Qg4+ 34. Kh2 Rh3#) 33... Kh5 {[%emt 0:10:53] ( -> ...Qg4+)} (33... Nf6 $5 34. Ra4 Rg3+ 35. fxg3 Qxg3+ 36. Kh1 Qh3+ 37. Kg1 Qg3+ 38. Kh1 Qh3+ 39. Kg1 Qg3+ $11) 34. Ra4 {[%emt 0:06:27] Prevents Qg4+. Hoping for Rb1.} (34. Qxg8 $2 {leads to mate.} Qg4+ 35. Kh2 Rh3#) 34... Nh6 {[%emt 0:00:11] ...Ng4 is the strong threat.} 35. Qc7 f4 36. Rxf4 Rg3+ $1 {[%emt 0:00:16] Weighted Error Value: White=0.24 (precise) /Black=0.31} 1/2-1/2

[Event "44th Chess Olympiad Open 2022"]
[Site "Chennai"]
[Date "2022.08.05"]
[Round "7.61"]
[White "Fomevor, Cephas Clinton"]
[Black "Salazar Cabezas, Alberto Javier"]
[Result "1-0"]
[ECO "A25"]
[WhiteElo "1830"]
[BlackElo "2155"]
[Annotator "NA RC"]
[PlyCount "91"]
[EventDate "2022.07.29"]
[EventType "team-tourn"]
[EventCountry "IND"]
[SourceTitle "playchess.com"]
[Source "ChessBase"]
[SourceQuality "1"]
[WhiteTeam "Ghana"]
[BlackTeam "Nicaragua"]
[WhiteTeamCountry "GHA"]
[BlackTeamCountry "NCA"]
[TimeControl "40/5400+30:1800+30"]

1. c4 e5 2. g3 Nc6 3. Bg2 f5 4. Nc3 Nf6 5. e3 d5 6. cxd5 Nb4 7. d3 Nfxd5 8. Nxd5 Nxd5 9. Nf3 Bd6 10. O-O O-O 11. Qb3 Be6 12. Nd4 exd4 13. Bxd5 Bf7 14. Qxb7 Rb8 15. Bxf7+ Rxf7 16. Qxa7 c5 17. Qa4 dxe3 18. fxe3 Rb4 19. Qc6 Bf8 20. Rd1 Rf6 21. Qf3 g6 22. Bd2 Rb8 23. Bc3 Re6 24. e4 f4 25. Qxf4 Bd6 26. e5 Be7 27. Qf3 Qd7 28. a4 Rf8 29. Qe2 Qd5 30. a5 Ra8 31. Qe4 Qxe4 32. dxe4 Rea6 33. Rd7 Kf7 34. Rad1 Ke6 35. Rc7 R8a7 36. Rdd7 Rxc7 37. Rxc7 Ra8 38. Kf1 g5 39. Ke2 Rd8 40. a6 Ra8 41. a7 h5 42. Kd3 g4 43. Kc4 h4 44. Kb5 h3 45. Ka6 c4 46. Kb7 1-0

[Event "44th Chess Olympiad Open 2022"]
[Site "Chennai"]
[Date "2022.08.05"]
[Round "7.62"]
[White "Jimma, Desalegn Fekadu"]
[Black "Prudente, Elmer"]
[Result "1/2-1/2"]
[ECO "E90"]
[WhiteElo "2112"]
[BlackElo "1995"]
[Annotator "NA RC"]
[PlyCount "98"]
[EventDate "2022.07.29"]
[EventType "team-tourn"]
[EventCountry "IND"]
[SourceTitle "playchess.com"]
[Source "ChessBase"]
[SourceQuality "1"]
[WhiteTeam "Ethiopia"]
[BlackTeam "GUM"]
[WhiteTeamCountry "ETH"]
[TimeControl "40/5400+30:1800+30"]

1. d4 g6 2. c4 Nf6 3. Nc3 Bg7 4. e4 d6 5. Nf3 O-O 6. h3 e5 7. d5 Na6 8. Bd3 Nc5 9. Bc2 a5 10. Be3 b6 11. O-O Nh5 12. Nh2 Bd7 13. Kh1 Qe8 14. g4 Nf4 15. Qf3 f5 16. gxf5 gxf5 17. Rg1 fxe4 18. Qg3 Qe7 19. Ng4 Kh8 20. Bxc5 bxc5 21. Bxe4 Rab8 22. b3 Bf5 23. Rae1 Nh5 24. Qg2 Qh4 25. Re3 Bd7 26. Ne2 Rf7 27. Nh2 Rxf2 28. Nf3 Rxg2 29. Nxh4 Rxg1+ 30. Kxg1 Rf8 31. Kg2 Bh6 32. Rf3 Nf4+ 33. Nxf4 Rxf4 34. Rxf4 Bxf4 35. Bf5 Bxf5 36. Nxf5 e4 37. Ng3 Bxg3 38. Kxg3 Kg7 39. Kf4 Kf6 40. Kxe4 Kg5 41. Kf3 Kh4 42. Kg2 h6 43. Kh2 Kh5 44. Kg3 Kg5 45. h4+ Kf5 46. Kf3 h5 47. a3 Ke5 48. Ke3 Kf5 49. Kf3 Ke5 1/2-1/2

[Event "44th Chess Olympiad Open 2022"]
[Site "Chennai"]
[Date "2022.08.05"]
[Round "7.62"]
[White "Tsige, Addisalem Temesgen"]
[Black "Estur, Gavino Aguilar"]
[Result "1-0"]
[ECO "A40"]
[WhiteElo "2072"]
[BlackElo "1598"]
[Annotator "TA"]
[PlyCount "63"]
[EventDate "2022.07.29"]
[EventType "team-tourn"]
[EventCountry "IND"]
[SourceTitle "playchess.com"]
[Source "ChessBase"]
[SourceQuality "1"]
[WhiteTeam "Ethiopia"]
[BlackTeam "GUM"]
[WhiteTeamCountry "ETH"]
[TimeControl "40/5400+30:1800+30"]

1. d4 Nc6 2. Bf4 e6 3. e3 Nf6 4. Nd2 Be7 5. c3 a6 6. Bd3 {[%emt 0:00:19] [#] A40: Unusual replies to 1 d4.} b6 $146 ({Predecessor:} 6... b5 7. h3 Bb7 8. Ngf3 h6 9. O-O Nd5 10. Bh2 d6 11. e4 Nb6 12. Re1 d5 {1-0 (25) Grebenschikov,Y-Popova,A (1674) Novosibirsk 2008}) 7. h3 Bb7 8. Ngf3 {[%emt 0:00:09] White is slightly better.} Bd6 9. Bxd6 (9. Ne5 {is more complex.} Be7 10. Qe2 O-O 11. e4) 9... cxd6 10. a4 ({White should play} 10. e4 $14) 10... d5 $1 $11 11. O-O O-O 12. Qe2 d6 13. e4 dxe4 14. Nxe4 Nxe4 15. Qxe4 g6 16. Qe3 Kg7 17. Rad1 Re8 18. Rfe1 d5 (18... Ne7 $11 {keeps the balance.}) 19. Nh2 {[%emt 0:00:57] White is more active.} h5 20. Nf3 Rb8 21. Ng5 (21. Rc1 $14) 21... Qf6 (21... e5 $142 $1) 22. h4 Na5 $2 {[%emt 0:05:00][%mdl 8192] [#] Loses the game.} (22... e5 $11) 23. Qg3 $1 $18 {[%emt 0:00:54] Hoping for Re3. White is clearly winning.} Nc4 {[%emt 0:01:16] Against Re3} 24. b3 Nb2 25. Rd2 Nxd3 26. Rxd3 Qd8 27. Rf3 Re7 {[%emt 0:00:56] [#]} 28. Rxf7+ $1 Rxf7 29. Nxe6+ Kh7 30. Nxd8 Rxd8 31. Re6 Rg7 {[%emt 0:00:56] [#]} 32. Rxg6 $3 {[%emt 0:01:00][%mdl 512] Weighted Error Value: White=0.22 (precise) /Black=0.64} 1-0

[Event "44th Chess Olympiad Open 2022"]
[Site "Chennai"]
[Date "2022.08.05"]
[Round "7.62"]
[White "Mafnas, Peter"]
[Black "Badene, Habtamu Bayu"]
[Result "0-1"]
[ECO "A01"]
[WhiteElo "2039"]
[BlackElo "2011"]
[Annotator "TA"]
[PlyCount "134"]
[EventDate "2022.07.29"]
[EventType "team-tourn"]
[EventCountry "IND"]
[SourceTitle "playchess.com"]
[Source "ChessBase"]
[SourceQuality "1"]
[WhiteTeam "GUM"]
[BlackTeam "Ethiopia"]
[BlackTeamCountry "ETH"]
[TimeControl "40/5400+30:1800+30"]

1. c4 Nf6 2. b3 e5 3. Bb2 Nc6 4. e3 d5 5. cxd5 Nxd5 6. Nf3 {[%emt 0:00:45] A01: Nimzowitsch-Larsen Opening.} e4 7. Nd4 Ne5 8. Nc3 $2 (8. Qc2 $11 Qh4 9. Bb5+ (9. Nc3 Nb4 $14) 9... Bd7 10. Bxd7+ Kxd7 11. Nf5) 8... Nb4 $1 $17 {[%emt 0:03:49] Black is more active.} (8... Bg4 9. Qb1 Nxc3 10. Bxc3 Nd3+ 11. Bxd3 exd3 12. Qxd3 $16) 9. Qb1 (9. Nxe4 $17 c5 10. Bb5+ Bd7 11. O-O (11. Bxd7+ $2 Qxd7 12. O-O cxd4 $17) 11... cxd4 12. Qh5) 9... Nbd3+ 10. Bxd3 Nxd3+ 11. Kf1 Qh4 {[%emt 0:01:35][%csl Gd3][%cal Rh4f2] [#]} 12. Nd1 $146 (12. g3 Qh3+ 13. Kg1) ({Predecessor:} 12. g3 Bh3+ 13. Ke2 Qh5+ {0-1 (13) Lennartz,A-Rosche,E freechess.de 2016}) 12... Bg4 $19 {[%emt 0:05:37] Hoping for ...Bxd1.} 13. Ne2 O-O-O 14. Bc3 Rd5 (14... Bxe2+ $142 15. Kxe2 Rd5) 15. Ng3 Bd6 (15... Bxd1 $19 16. Qxd1 Bd6) 16. Kg1 $2 (16. Nb2 $17 {was the only chance.}) 16... f5 {[%emt 0:09:10] Threatens to win with ...f4.} 17. Bxg7 $2 (17. b4) 17... Rg8 {[%emt 0:00:29] And now ...f4 would win.} 18. Nc3 {[%emt 0:02:28] [#]} Nxf2 $2 ({Black should try} 18... Rxg7 $1 $19 19. Nxd5 f4) 19. Nxd5 $15 Nxh1 {[%emt 0:00:19] Dancing on a razor blade.} 20. Bf6 {[%emt 0:01:52] [#]} Qh6 21. Ne7+ Bxe7 22. Bxe7 Nxg3 23. hxg3 Qe6 24. Bh4 Qd5 25. Qc2 Rg6 26. Qc3 h5 27. Rc1 c6 28. Qh8+ Rg8 29. Qf6 Re8 30. Bg5 Qe6 (30... Qxd2 {[#]} 31. Rxc6+ $1 Kb8 32. Qf7 bxc6 33. Bf4+ Ka8 34. Qxe8+ Kb7 35. Qb8+ Ka6 36. Qc8+ Kb5 37. Qb7+ Kc5 38. Qxa7+ Kb4 39. Be5 $18) 31. Qd4 Kb8 32. Bf4+ Ka8 33. Rc5 b6 {[%emt 0:02:48] Against Ra5} 34. Re5 Qc8 35. Rxe8 Qxe8 $14 {[%emt 0:00:04][%mdl 4096] Endgame KQB-KQB} 36. Qd6 Be2 ({Better is} 36... Kb7 $11) 37. a4 Bd1 38. Qb4 (38. a5 $5) 38... Qf7 39. Qc3 (39. a5 $11 Kb7 40. axb6 axb6 41. Qd6) 39... Kb7 $15 40. b4 (40. Qh8 $11 {remains equal.}) 40... Bxa4 $17 41. d4 exd3 42. Qxd3 Qd5 43. Qc3 Bb3 44. Qg7+ Qf7 45. Qd4 Bd5 46. Kf2 (46. Kh2 $17) 46... Qe7 47. b5 (47. Be5 $142) 47... Qf7 $19 48. bxc6+ Bxc6 49. Qh8 Qd5 50. Qg7+ Ka6 51. Qa1+ Kb7 (51... Qa5 $17 52. Qb2 Qa4) 52. Qg7+ Qd7 ({But not} 52... Ka6 $2 53. Qa1+ Kb7 54. Qg7+) 53. Qh8 (53. Qd4 $19) 53... Qd2+ 54. Kf1 Bxg2+ (54... Qxg2+ $142 55. Ke1 Qg1+ 56. Kd2 Qf2+ 57. Kc3 Qe1+ 58. Kd3 Be4+ 59. Kc4 Qf1+ 60. Kb3 Qd1+ 61. Ka3 Qd3+ 62. Kb2 Qd2+ 63. Ka3 Qd3+ 64. Kb2 Qd2+ 65. Ka3 Bd5 66. Qg7+ Ka6 67. Qa1 Ka5 68. Bd6 Qc2 69. Bb4+ Kb5 70. Qf1+ Kc6 71. Qc1 Qxc1+ 72. Ka4 Qd1+ 73. Ka3 Qb3#) 55. Kg1 Bd5 (55... Be4 $142 56. Qg7+ Kc6 57. Qf6+ Kb5 58. Qe5+ Kc4 59. Qd4+ Qxd4 60. exd4 b5) 56. Qg7+ Ka6 57. Qa1+ Qa2 58. Be5 (58. Qf1+ $142 Kb7 59. e4 Bxe4 60. Qf2 Qa1+ 61. Qf1 Qd4+ 62. Qf2 Qd1+ 63. Qf1 Qd4+ 64. Qf2 Qd1+ 65. Qf1) 58... Qxa1+ 59. Bxa1 {[%emt 0:00:00] KB-KB} Kb5 60. Kf1 a5 61. Ke2 Kc4 62. Bd4 b5 63. Kd2 Kb3 {[%emt 0:00:00] ( -> ...Be4)} 64. Kc1 Be4 {[%emt 0:00:00] Black mates.} 65. Be5 b4 66. Bd4 a4 67. Be5 Ka2 {[%emt 0:00:00] Weighted Error Value: White=0.69/Black=0.55} 0-1

[Event "44th Chess Olympiad Open 2022"]
[Site "Chennai"]
[Date "2022.08.05"]
[Round "7.62"]
[White "Soriano, Rudolph P."]
[Black "Abera, Aydagnuhem Gezachew"]
[Result "1/2-1/2"]
[ECO "D21"]
[WhiteElo "1824"]
[BlackElo "2137"]
[Annotator "TA"]
[PlyCount "115"]
[EventDate "2022.07.29"]
[EventType "team-tourn"]
[EventCountry "IND"]
[SourceTitle "playchess.com"]
[Source "ChessBase"]
[SourceQuality "1"]
[WhiteTeam "GUM"]
[BlackTeam "Ethiopia"]
[BlackTeamCountry "ETH"]
[TimeControl "40/5400+30:1800+30"]

1. Nf3 d5 2. d4 c5 3. c4 dxc4 4. g3 cxd4 5. Bg2 Nc6 {[%emt 0:00:42] [#]} 6. Qa4 $146 {[%emt 0:00:25][%cal Of3d4] D21: Queen's Gambit Accepted: 3 Nf3 sidelines.} ({Predecessor:} 6. O-O g6 7. Qa4 Bg7 8. Qxc4 Be6 9. Qb5 Qb6 10. Qxb6 axb6 11. Na3 d3 12. Nb5 Rxa2 13. Rxa2 Bxa2 14. exd3 {0-1 (54) Pessi,J (2088)-Kivimaki,J (2198) Finland 2013}) 6... Qa5+ $2 (6... Nf6 $17 {Threatens to win with ...Bd7.} 7. Nxd4 Qxd4 8. Bxc6+ Bd7 9. Bxd7+ Qxd7 10. Qxd7+ Kxd7) 7. Qxa5 $14 Nxa5 8. Nxd4 {[%emt 0:00:28] Strongly threatening Bd2. White is slightly better.} Bd7 9. O-O {[%emt 0:01:04][%mdl 1024] White has compensation.} (9. Bd2 $5 e5 10. Nb5 Bxb5 11. Bxa5 $11) 9... e5 10. Nc2 (10. Bd2 $5 ) 10... Nf6 11. Ne3 Bc5 12. Bd2 Bxe3 13. Bxe3 Bc6 14. Na3 Bxg2 15. Kxg2 Ne4 16. Rac1 b5 (16... b6 $11) 17. Nxb5 $16 {[%emt 0:09:14] And now Nc7+ would win.} Rb8 18. Nc3 {[%emt 0:02:14] White is more active.} (18. Na3 $142 $1) 18... Nxc3 19. bxc3 a6 (19... Ke7 $142) 20. Bc5 (20. Rfd1 $16) 20... Nb7 $2 (20... Kd7 $14) 21. Rb1 $18 Kd7 22. Ba7 Kc6 23. Bxb8 Rxb8 {[%emt 0:00:03][%mdl 4096] Endgame KRR-KRN} 24. Rb4 Rd8 25. Rxc4+ Nc5 26. Rb1 f5 27. a4 Rd2 28. Kf1 Ra2 29. Rb8 Kd5 30. Rh4 h6 31. Rb6 e4 32. Rh5 Rxa4 33. Rxf5+ Kc4 34. Rc6 Ra1+ 35. Kg2 Ra5 36. h4 Rb5 37. Rfxc5+ Rxc5 38. Rxa6 Kxc3 {[%emt 0:00:34] KR-KR} 39. Rg6 Rc7 40. g4 Kd2 41. e3 Ke2 42. Ra6 Rf7 43. Ra2+ Ke1 {[%emt 0:04:26] [#]} 44. Kg1 (44. h5 $1 $16) 44... Re7 $2 (44... Rf6 $11 {and Black is okay.}) 45. Ra5 Ke2 46. Rf5 {[%emt 0:00:34] Inhibits Rf7.} (46. Kg2 $18) 46... Re6 47. g5 ({Better is} 47. Kh2 $16) 47... Re7 $2 {[%emt 0:10:29][%mdl 8192] [#]} (47... hxg5 $1 $11 48. hxg5 (48. Rxg5 Rf6 $11) 48... g6) 48. Kg2 $2 (48. g6 $1 $18 Rb7 49. Kg2) 48... g6 $11 {[%emt 0:04:27] The position is equal.} 49. Rf6 hxg5 50. hxg5 Re5 $1 51. Rxg6 {[%emt 0:01:13] Black must now prevent Kg3.} Rf5 52. Rf6 Rxg5+ 53. Kh3 Rg8 54. Rf4 Rg7 55. Kh2 Rg8 56. Kh3 Rg7 57. Rxe4 Kxf2 58. Re8 {[%emt 0:00:00] White really could win this.  Weighted Error Value: White=0.16 (very precise) /Black=0.61} 1/2-1/2

[Event "44th Chess Olympiad Open 2022"]
[Site "Chennai"]
[Date "2022.08.05"]
[Round "7.63"]
[White "Paiva, Donaldo"]
[Black "Oatlhotse, Providence"]
[Result "1/2-1/2"]
[ECO "B06"]
[WhiteElo "2191"]
[BlackElo "2204"]
[Annotator "NA"]
[PlyCount "110"]
[EventDate "2022.07.29"]
[EventType "team-tourn"]
[EventCountry "IND"]
[SourceTitle "playchess.com"]
[Source "ChessBase"]
[SourceQuality "1"]
[WhiteTeam "Mozambique"]
[BlackTeam "Botswana"]
[WhiteTeamCountry "MOZ"]
[BlackTeamCountry "BOT"]
[TimeControl "40/5400+30:1800+30"]

1. d4 g6 2. e4 Bg7 3. Nc3 d6 4. Be3 a6 5. Qd2 b5 6. a4 b4 7. Nd1 a5 8. c3 Nf6 9. Bd3 O-O 10. cxb4 axb4 11. Ne2 Ng4 12. Qxb4 c5 13. Qd2 Nxe3 14. fxe3 Nc6 15. Bb5 Qb6 16. Ndc3 e6 17. Rd1 Nb4 18. O-O Bh6 19. Kh1 Ba6 20. b3 Bb7 21. d5 e5 22. Rf3 Bc8 23. h3 Ra7 24. Rdf1 Qd8 25. Nc1 f5 26. Nd3 Nxd3 27. Bxd3 f4 28. exf4 Raf7 29. Qe1 exf4 30. e5 dxe5 31. Bc4 Rf5 32. Ne4 Rh5 33. Nxc5 Bg4 34. Ne6 Qd6 35. Nxf8 Bxf3 36. Rxf3 Bxf8 37. Qe4 Kg7 38. Rf1 Qd7 39. Rf3 Bd6 40. Bd3 Qc7 41. Bc4 Qc5 42. Bd3 Rg5 43. Qc4 Qa3 44. Be4 Rg3 45. Kh2 Rxf3 46. Bxf3 Qa1 47. Qc6 Qe1 48. Qd7+ Kh6 49. Qxd6 Qg3+ 50. Kh1 Qe1+ 51. Kh2 Qg3+ 52. Kh1 Qe1+ 53. Kh2 Qg3+ 54. Kh1 Qe1+ 55. Kh2 Qg3+ 1/2-1/2